 Dungeon Crawl Stone Soup version 0.27-a0-1325-g58a489ad9e (webtiles) character file.

Game seed: 7134555744072729451

2156 siradein the Frost Mage (level 9, 0/45 HPs)
             Began as a Gargoyle Ice Elementalist on June 25, 2021.
             Slain by a wight (6 damage)
             ... on level 7 of the Dungeon.
             The game lasted 00:24:40 (8263 turns).

siradein the Frost Mage (Gargoyle Ice Elementalist) Turns: 8263, Time: 00:24:41

Health: 0/45       AC: 19    Str: 13    XL:     9   Next: 31%
Magic:  7/12       EV: 11    Int: 18    God:
Gold:   502        SH:  0    Dex: 10    Spells: 1/12 levels left

rFire    x . .     SeeInvis +   i - staff of cold
rCold    + + .     Faith    +   (no shield)
rNeg     + . .     Spirit   .   a - +0 robe
rPois    ∞         Reflect  .   (no helmet)
rElec    +         Harm     .   (no cloak)
rCorr    .         Rampage  .   (no gloves)
Will     .....                  (no boots)
Stlth    ++........             z - amulet of faith
HPRegen  0.15/turn              t - ring of see invisible
MPRegen  0.13/turn              d - ring of ice

@: ice-armoured
A: sickness immunity, AC +6, negative energy resistance 1, electricity
resistance, torment resistance 1, petrification resistance
a: no special abilities


You were on level 7 of the Dungeon.
You visited 2 branches of the dungeon, and saw 8 of its levels.

You collected 502 gold pieces.

Inventory:

Missiles
 E - a throwing net
 H - 3 boomerangs of dispersal
Armour
 a - a +0 robe (worn)
Magical Staves
 i - a staff of cold (weapon)
Jewellery
 b - a +4 ring of slaying
 d - a ring of ice (right hand)
 m - a ring of flight
 n - a +6 ring of strength
 t - a ring of see invisible (left hand)
 w - a ring of fire
 z - an amulet of faith (around neck)
Wands
 k - a wand of mindburst (21)
Scrolls
 c - 2 scrolls of identify {unknown}
 f - a scroll of summoning {unknown}
 g - a scroll of enchant weapon {unknown}
 h - a scroll of blinking {unknown}
 l - a scroll of immolation {unknown}
 o - a scroll of vulnerability {unknown}
 r - 2 scrolls of magic mapping {unknown}
 y - 2 scrolls of noise {unknown}
 C - a scroll of teleportation {unknown}
 D - a scroll of silence {unknown}
 F - a scroll of enchant armour {unknown}
 I - 2 scrolls of fog {unknown}
Potions
 e - 4 potions of attraction {unknown}
 j - 3 potions of degeneration {unknown}
 p - a potion of brilliance {unknown}
 q - a potion of magic {unknown}
 s - a potion of flight {unknown}
 u - 2 potions of haste {unknown}
 v - a potion of mutation {unknown}
 x - 2 potions of curing
 A - 2 potions of heal wounds {unknown}
 B - a potion of cancellation {unknown}
 G - 2 potions of lignification {unknown}
 J - a potion of invisibility {unknown}


   Skills:
 - Level 1.5 Dodging
 - Level 2.1 Stealth
 - Level 2.0 Spellcasting
 + Level 12.3 Ice Magic


You had one spell level left.
You knew the following spells:

 Your Spells              Type           Power      Damage    Failure   Level
a - Freeze                Ice            100%       1d11      1%          1
b - Frozen Ramparts       Ice            100%       1d12      1%          3
c - Ozocubu's Armour      Ice            81%        N/A       1%          3
d - Hailstorm             Conj/Ice       52%        3d12      14%         4

Your spell library contained the following spells:

 Spells                   Type           Power      Damage    Failure   Level
 Metabolic Englaciation   Hex/Ice        26%        N/A       36%         5
 Confusing Touch          Hex            1%         N/A       47%         3
 Gell's Gravitas          Tloc           0%         N/A       47%         3
 Petrify                  Tmut/Erth      1%         N/A       87%         4
 Yara's Violent Unravell  Hex/Tmut       0%         3d3       99%         5


Dungeon Overview and Level Annotations

Branches:
Dungeon (7/15)             Temple (1/1) D:6

Altars:
Ashenzari
Cheibriados
Dithmenos
Elyvilon
Fedhas
Gozag
Hepliaklqana
Kikubaaqudgha
Makhleb
Nemelex Xobeh
Okawaru
Qazlal
Ru
Sif Muna
Trog
Uskayaw
Vehumet
Wu Jian
Yredelemnul
Zin
The Shining One

Shops:
D:6 !

Annotations:
D:6 3 runed translucent doors, ZappyNine's ghost, novice VSWr; mordus's ghost, novice MiMo
D:7 2 transporters


Innate Abilities, Weirdness & Mutations

You are immune to sickness and miasma.
Your stone body is resilient. (AC +6)
You are immune to poison.
You resist negative energy. (rN+)
You are resistant to electric shocks. (rElec)
You are resistant to unholy torment.
You are immune to petrification.


Message History

The wight is almost destroyed.
The wight misses you. The wight barely misses you.
You hit the wight but do no damage. You freeze the wight.
You destroy the wight!
You hit the wight but do no damage.
The wight is heavily damaged.
The wight hits you with a +3 flail.
* * * LOW HITPOINT WARNING * * *
You closely miss the wight.
The wight is heavily damaged.
The wight barely misses you. The wight hits you with a +3 flail.
* * * LOW HITPOINT WARNING * * *
You barely miss the wight.
The wight is heavily damaged.
The wight hits you but does no damage.
Unknown command.
You hit the wight but do no damage.
The wight is heavily damaged.
The wight hits you but does no damage.
You hit the wight.
The wight is severely damaged.
The wight completely misses you.
You closely miss the wight.
The wight is severely damaged.
The wight closely misses you.
You closely miss the wight.
The wight is severely damaged.
The wight hits you but does no damage. The wight hits you with a +3 flail.
* * * LOW HITPOINT WARNING * * *
You closely miss the wight.
The wight is severely damaged.
The wight barely misses you.
You hit the wight.
The wight is almost destroyed.
The wight barely misses you.
You barely miss the wight.
The wight is almost destroyed.
You hear the slow hiss of an avalanche of sand nearby.
The wight hits you with a +3 flail.
You die...

... #.# ... #.# .. #.# #
..#.# .# .#.###.##. #
......... .#
..##########)....... .###
.......@zZ.......... $..
..##########..##.### .###
#######..##.# ....
............###. .#
.........##.....
'#######+############........
.............. #.........
...........$.. #####.##.####.
# ..............##.........#
.#


You could see a wight and a bullfrog zombie.

Vanquished Creatures
  Grinder (D:4)
  Sigmund (D:5)
  Eustachio (D:6)
  A wyvern (D:4)
  Duvessa (D:4)
  3 ogres
  A necrophage (D:6)
  3 centaurs
  A scorpion (D:5)
  Dowan (D:4)
  A water moccasin skeleton (D:5)
  2 wights (D:7)
  A bullfrog zombie (D:6)
  A centaur zombie (D:6)
  2 hounds
  A jelly (D:6)
  An orc priest (D:6)
  3 centaur skeletons
  2 iguanas (D:5)
  A howler monkey zombie (D:5)
  2 howler monkey skeletons
  3 gnolls
  7 adders
  A shadow imp (D:5)
  3 white imps (D:5)
  An ufetubus (D:6)
  An adder zombie (D:5)
  A worm (D:4)
  A dart slug (D:2)
  13 orcs
  6 endoplasms
  3 giant cockroaches
  9 goblins
  5 hobgoblins
  5 jackals
  4 kobolds
  4 quokkas
  6 ball pythons
  A bat (D:1)
  A frilled lizard (D:2)
  A jackal zombie (D:3)
  7 rats
114 creatures vanquished.

Notes
Turn   | Place    | Note
-------+----------+-------------------------------------------
     0 | D:1      | siradein the Gargoyle Ice Elementalist began the quest for
                  | the Orb.
     0 | D:1      | Reached XP level 1. HP: 10/10 MP: 3/3
   396 | D:1      | Reached XP level 2. HP: 15/15 MP: 3/5
  1345 | D:2      | Reached XP level 3. HP: 19/19 MP: 3/6
  1414 | D:2      | Learned a level 3 spell: Frozen Ramparts
  1451 | D:2      | Reached skill level 5 in Ice Magic
  1944 | D:2      | Found a faded altar of an unknown god.
  2326 | D:2      | Reached XP level 4. HP: 22/24 MP: 3/7
  2439 | D:3      | You fall into a shaft and drop 2 floors!
  2439 | D:5      | Entered Level 5 of the Dungeon
  2610 | D:5      | Noticed an ogre
  2623 | D:5      | Killed an ogre
  2624 | D:5      | Reached skill level 6 in Ice Magic
  2624 | D:5      | Reached XP level 5. HP: 28/28 MP: 2/8
  2790 | D:5      | Reached skill level 7 in Ice Magic
  2790 | D:5      | Reached XP level 6. HP: 32/32 MP: 5/9
  3175 | D:4      | Noticed Grinder
  3186 | D:4      | Paralysed by Grinder for 2 turns
  3650 | D:5      | Reached skill level 8 in Ice Magic
  3676 | D:5      | Reached XP level 7. HP: 10/36 MP: 10/10
  3919 | D:5      | Learned a level 3 spell: Ozocubu's Armour
  4315 | D:5      | Noticed Sigmund
  4321 | D:5      | Killed Sigmund
  4322 | D:5      | Reached skill level 9 in Ice Magic
  4442 | D:5      | Found a hide-covered altar of Uskayaw.
  4601 | D:5      | Found an ancient bone altar of Kikubaaqudgha.
  4649 | D:5      | Found a stormy altar of Qazlal.
  4649 | D:5      | Found a sacrificial altar of Ru.
  4752 | D:4      | Reached XP level 8. HP: 41/41 MP: 4/11
  4825 | D:4      | Paralysed by Grinder for 3 turns
  5373 | D:3      | Found a broken altar of Ashenzari.
  5380 | D:3      | Found a burning altar of Makhleb.
  5386 | D:3      | Found a glowing silver altar of Zin.
  5386 | D:3      | Found a hazy altar of Hepliaklqana.
  5394 | D:3      | You fall into a shaft and drop 3 floors!
  5448 | D:4      | Noticed a wyvern
  5453 | D:4      | Killed a wyvern
  5454 | D:4      | Reached skill level 10 in Ice Magic
  5499 | D:3      | You fall into a shaft and drop 2 floors!
  5616 | D:4      | Killed Grinder
  5852 | D:4      | Noticed Duvessa
  5852 | D:4      | Noticed Dowan
  5868 | D:4      | Killed Duvessa
  5869 | D:4      | Reached skill level 11 in Ice Magic
  6262 | D:4      | Killed Dowan
  6500 | D:4      | Learned a level 4 spell: Hailstorm
  7039 | D:6      | Found a staircase to the Ecumenical Temple.
  7061 | D:6      | Found a runed translucent gate.
  7061 | D:6      | Found a runed translucent gate.
  7061 | D:6      | Found a runed translucent gate.
  7077 | D:6      | Reached XP level 9. HP: 45/45 MP: 5/12
  7100 | Temple   | Entered the Ecumenical Temple
  7348 | D:6      | Found a white marble altar of Elyvilon.
  7430 | D:6      | Noticed Eustachio
  7433 | D:6      | Found a basalt altar of Yredelemnul.
  7459 | D:6      | Killed Eustachio
  7460 | D:6      | Reached skill level 12 in Ice Magic
  7549 | D:6      | Found an opulent altar of Gozag.
  7587 | D:6      | Found Angariq's Distillery.
  7819 | D:6      | Found a radiant altar of Vehumet.
  7982 | D:6      | Noticed mordus's ghost (novice MiMo)
  7983 | D:6      | Noticed ZappyNine's ghost (novice VSWr)
  8147 | D:7      | Found a transporter.
  8186 | D:7      | Noticed a white ugly thing
  8196 | D:7      | Found a transporter.
  8197 | D:7      | Noticed a worldbinder
  8263 | D:7      | Slain by a wight

Illustrated notes

Levels and vault maps discovered:
D:1:      saegor_arrival_simple_e, layout_loops_cross
D:2:      layout_loops_ring, chequers_ecumenical_altar_simple_redux
D:3:      layout_rooms, grunt_temple_overflow_open,
          minmay_misc_feat_more_columns, minmay_statues_item,
          minmay_increasing_density
D:4:      layout_rooms, uniq_duvessa, uniq_grinder
D:5:      layout_basic, nicolae_uskayaw_suspiria,
          gammafunk_temple_overflow_elements, kennysheep_little_box,
          corexii_hall_statues_i, minmay_fractal_squares_diagonal_5,
          uniq_sigmund
D:6:      layout_cave_pools, kennysheep_ying_yang, jmf_multi_god_temple,
          temple_fountains, gammafunk_ghost_cemetery, serial_shops,
          nicolae_shop_behind_doors, uniq_eustachio
D:7:      layout_basic, gammafunk_ghost_abyssal_escape, enter_ossuary_3
Temple:   kb_temple_of_zot

Skill      XL: |  1  2  3  4  5  6  7  8  9 |
---------------+----------------------------+-----
Ice Magic      | 5 6 7 8 9 11 12 | 12.3
Dodging        | |  1.5
Stealth        | |  2.1
Spellcasting   | |  2.0

Action                   |  1- 3 |  4- 6 |  7- 9 || total
-------------------------+-------+-------+-------++-------
Melee: Unarmed           |    15 |       |       ||    15
       Staff             |     6 |    78 |   203 ||   287
 Cast: Freeze            |    65 |    13 |     8 ||    86
       Frozen Ramparts   |       |     8 |    36 ||    44
       Ozocubu's Armour  |       |       |    17 ||    17
 Stab: Sleeping          |     1 |       |     1 ||     2
Armor: Robe              |    21 |    44 |   213 ||   278
Dodge: Dodged            |    35 |    63 |   228 ||   326

Table legend: (Time is in decaauts)
 A = Elapsed time spent in this place.
 B = Non-inter-level travel time spent in this place.
 C = Inter-level travel time spent in this place.
 D = Time resting spent in this place.
 E = Time spent auto-exploring this place.
 F = Levels seen in this place.
 G = Mean time per level.
                   A        B        C        D        E       F      G
               +--------+--------+--------+--------+--------+-----+--------+
         Total |   8327 |   8131 |    196 |    941 |   5698 |   8 | 1040.9 |
       Dungeon |   8203 |   8007 |    196 |    941 |   5584 |   7 | 1171.9 |
        Temple |    123 |    123 |      0 |      0 |    114 |   1 |  123.0 |
               +--------+--------+--------+--------+--------+-----+--------+

Top non-repeatable levels by time:
     D:5: 2216 daAuts
     D:2: 1332 daAuts
     D:6: 1308 daAuts
     D:4: 1159 daAuts
     D:1: 1027 daAuts
     D:3: 1009 daAuts
     D:7: 150 daAuts
  Temple: 123 daAuts
